 Dungeon Crawl Stone Soup version 0.21.1-1-g345015f (webtiles) character file.

1872 selamuse the Cudgeler (level 8, 0/79 HPs)
             Began as a Troll Berserker on Mar 18, 2018.
             Was an Elder of Trog.
             Engulfed by a cloud of flame (28 damage)
             ... on level 6 of the Dungeon.
             The game lasted 00:34:33 (6039 turns).

selamuse the Cudgeler (Troll Berserker)             Turns: 6039, Time: 00:34:33

Health: 0/79       AC:  5    Str: 28    XL:     8   Next: 91%
Magic:  0/7        EV:  8    Int:  3    God:    Trog [****..]
Gold:   272        SH: 16    Dex: 12    Spells: 7/7 levels left

rFire    . . .     SeeInvis .   o - +4 mace
rCold    . . .     Gourm    +   l - +0 large shield (curse)
rNeg     . . .     Faith    .   b - +0 animal skin
rPois    .         Spirit   +   (helmet restricted)
rElec    .         Reflect  .   (no cloak)
rCorr    .         Harm     .   (gloves unavailable)
MR       .....                  (boots unavailable)
Stlth    ++........             n - amulet of guardian spirit
HPRegen  0.63/turn              u - ring of flight
MPRegen  0.10/turn              i - +3 ring of dexterity

@: no status effects
A: large, unfitting armour, claws 3, fast metabolism 3, gourmand, regeneration
1, shaggy fur 1, tough skin 2
a: Berserk, Trog's Hand, Brothers in Arms, Burn Spellbooks, Renounce Religion,
Evoke Flight


You were on level 6 of the Dungeon.
You worshipped Trog.
Trog was greatly pleased with you.
You were completely stuffed.

You visited 1 branch of the dungeon, and saw 6 of its levels.

You collected 272 gold pieces.

Inventory:

Hand Weapons
 e - a +1 dire flail of crushing
 f - a +2 dagger of draining
 g - a +0 hunting sling
 o - a +4 mace (weapon)
 v - a +0 trident of flaming
 x - a +3 trident
Missiles
 h - 10 sling bullets (quivered)
Armour
 b - a +0 animal skin (worn)
 l - a cursed +0 large shield (worn)
Jewellery
 i - a +3 ring of dexterity (right claw)
 k - an uncursed ring of wizardry
 n - an amulet of guardian spirit (around neck)
 s - an uncursed ring of ice
 u - a ring of flight (left claw)
Scrolls
 a - a scroll of immolation {unknown}
 d - 2 scrolls of teleportation
 r - a scroll of fog {unknown}
Potions
 j - a potion of curing {unknown}
 m - 2 potions of brilliance
 p - a potion of cancellation {unknown}
 q - 2 potions of degeneration
 t - a potion of lignification {unknown}
 w - a potion of magic {unknown}
Comestibles
 c - 9 rations
 z - 3 chunks of flesh


   Skills:
 + Level 4.3 Fighting
 + Level 7.1 Maces & Flails
 + Level 5.0 Dodging
 + Level 1.2 Stealth
 + Level 4.2 Shields


You had 7 spell levels left.
You didn't know any spells.

Dungeon Overview and Level Annotations

Branches:
Dungeon (6/15)
 Temple: D:4-7

Altars:
Kikubaaqudgha
Sif Muna
Vehumet
Xom
The Shining One

Shops:
D:4 [


Innate Abilities, Weirdness & Mutations

You are too large for most types of armour.
You have claws for hands.
Your metabolism is lightning-fast.
You like to eat raw meat.
Your natural rate of healing is unusually fast.
You are covered in fur. (AC +1)
You have very tough skin. (AC +2)


Message History

Really walk into a travel-excluded area?
The quasit gives a chilling moan.
Really walk into that cloud of flame?
Uppercase [Y]es or [N]o only, please.
Really walk into that cloud of flame?
You are engulfed in blazing flames.
Really walk into that cloud of flame?
You are engulfed in blazing flames.
Found a scroll labeled UNAPSI OLALA.
You are engulfed in blazing flames.
You block the quasit's attack. The quasit closely misses you.
The quasit barely misses you.
The quasit bites you but does no damage.
The quasit claws you but does no damage.
You block the quasit's attack.
You're standing in a cloud of flame!
You thump the quasit!
You kill the quasit!
Trog accepts your kill.
You are engulfed in blazing flames.
You die...

# §# §§#
######...###
########.§§@..)..§§
.........§§§.:!..§§
######..§§§.....§§
#.#####...###
#####.# §§§#
#.....# §§§#
#.###.# #§§§# #.#
#.### ...## ### #.#
#†#.# .#.# #.#


There were no monsters in sight!

Vanquished Creatures
  The ghost of grumpd the Spear-Bearer, a novice MiGl of Okawaru (D:4)
  The ghost of grumpd the Skirmisher, an amateur OpWn of Yredelemnul (D:3)
  The ghost of toucherabbit the Magician, an amateur FeAE (D:5)
  Edmund (D:3)
  An ice beast (D:5)
  3 centaurs (D:5)
  3 bullfrogs
  3 scorpions (D:4)
  A howler monkey (D:4)
  A hound (D:5)
  A quasit (D:6)
  An orc priest (D:3)
  2 orc wizards
  2 bullfrog skeletons (D:5)
  3 worker ants
  5 adders
  A shadow imp (D:6)
  4 worms
  A dart slug (D:4)
  3 leopard geckos
  9 orcs
  2 ball pythons
  5 giant cockroaches
  12 hobgoblins
  14 jackals
  7 kobolds
  3 quokkas
  7 bats
  4 frilled lizards
  6 goblins
  A quokka skeleton (D:4)
  7 rats
116 creatures vanquished.

Notes
Turn   | Place    | Note
-------+----------+-------------------------------------------
     0 | D:1      | selamuse the Troll Berserker began the quest for the Orb.
     0 | D:1      | Reached XP level 1. HP: 22/22 MP: 0/0
   110 | D:1      | Reached XP level 2. HP: 29/29 MP: 1/1
   350 | D:1      | Reached skill level 3 in Maces & Flails
   510 | D:1      | Reached XP level 3. HP: 36/36 MP: 2/2
   516 | D:1      | Reached ** piety under Trog
  1633 | D:2      | Found a glowing golden altar of the Shining One.
  1942 | D:2      | Found a deep blue altar of Sif Muna.
  1942 | D:2      | Found an ancient bone altar of Kikubaaqudgha.
  1944 | D:2      | Found a radiant altar of Vehumet.
  1963 | D:2      | Identified Kikubaaqudgha's Grimoire of Unholy Arts
  2396 | D:3      | Reached XP level 4. HP: 44/44 MP: 3/3
  2908 | D:3      | Noticed grumpd's ghost (amateur OpWn)
  3034 | D:3      | Killed grumpd's ghost
  3034 | D:3      | Reached skill level 4 in Maces & Flails
  3034 | D:3      | Reached skill level 1 in Shields
  3034 | D:3      | Reached XP level 5. HP: 49/53 MP: 0/4
  3034 | D:3      | Reached XP level 6. HP: 56/61 MP: 0/5
  3062 | D:3      | Reached *** piety under Trog
  3459 | D:4      | Found a shimmering altar of Xom.
  3460 | D:4      | Found a shimmering altar of Xom.
  3463 | D:4      | Found a shimmering altar of Xom.
  3491 | D:4      | Noticed Edmund
  3517 | D:4      | Noticed grumpd's ghost (novice MiGl)
  3532 | D:4      | Reached XP level 7. HP: 42/67 MP: 3/6
  4215 | D:4      | Reached skill level 5 in Maces & Flails
  4434 | D:3      | Killed Edmund
  4434 | D:3      | Reached skill level 1 in Stealth
  4538 | D:4      | Killed grumpd's ghost
  4538 | D:4      | Reached XP level 8. HP: 40/78 MP: 4/7
  4656 | D:4      | Found Awos's Armour Emporium.
  5055 | D:5      | Entered Level 5 of the Dungeon
  5133 | D:5      | Reached skill level 6 in Maces & Flails
  5190 | D:5      | Noticed toucherabbit's ghost (amateur FeAE)
  5365 | D:5      | Killed toucherabbit's ghost
  5655 | D:5      | Reached skill level 5 in Dodging
  5975 | D:6      | Reached skill level 7 in Maces & Flails
  6001 | D:6      | Reached **** piety under Trog
  6039 | D:6      | Engulfed by a cloud of flame

Skill      XL: |  1  2  3  4  5  6  7  8 |
---------------+-------------------------+-----
Maces & Flails | 3 4 5 7 |  7.1
Dodging        | 3 4 5 |  5.0
Fighting       | 3 4 |  4.3
Shields        | 1 2 3 4 |  4.2
Stealth        | 1 |  1.2

Action                   |  1- 3 |  4- 6 |  7- 9 || total
-------------------------+-------+-------+-------++-------
Melee: Mace              |   167 |   130 |   154 ||   451
Invok: Burn Spellbooks   |       |     1 |       ||     1
  Use: Scroll            |       |     8 |     1 ||     9
       Potion            |       |     1 |     5 ||     6
 Stab: Sleeping          |     1 |     1 |     1 ||     3
  Eat: Chunk             |    28 |    10 |    21 ||    59
       Ration            |       |       |     1 ||     1
Armor: Animal skin       |    75 |    26 |    24 ||   125
Dodge: Dodged            |    92 |    25 |    36 ||   153
Block: Large shield      |    15 |    96 |   131 ||   242
